 Dungeon Crawl Stone Soup version 0.21.1-1-g345015f (webtiles) character file.

137 johnjohn the Cudgeler (level 5, -3/52 HPs)
             Began as a Troll Fighter on May 11, 2018.
             Was an Initiate of Ashenzari.
             Shot with an arrow by a centaur (9 damage)
             ... on level 3 of the Dungeon.
             The game lasted 00:22:50 (2442 turns).

johnjohn the Cudgeler (Troll Fighter)               Turns: 2442, Time: 00:22:50

Health: -3/52      AC:  5    Str: 25    XL:     5   Next: 0%
Magic:  4/4        EV:  8    Int:  4    God:    Ashenzari [......]
Gold:   89         SH:  9    Dex:  9    Spells: 4/4 levels left

rFire    . . .     SeeInvis .   a - +0 flail
rCold    . . .     Gourm    +   c - +0 shield
rNeg     . . .     Faith    .   k - +0 robe
rPois    .         Spirit   .   (helmet restricted)
rElec    .         Reflect  .   (no cloak)
rCorr    .         Harm     .   (gloves unavailable)
MR       .....                  (boots unavailable)
Stlth    +.........             (no amulet)
HPRegen  0.57/turn              (no ring)
MPRegen  0.09/turn              (no ring)

@: no status effects
A: large, unfitting armour, claws 3, fast metabolism 3, gourmand, regeneration
1, shaggy fur 1, tough skin 2
a: Curse Item, Renounce Religion


You were on level 3 of the Dungeon.
You worshipped Ashenzari.
Ashenzari was noncommittal.
You were not hungry.

You visited 1 branch of the dungeon, and saw 3 of its levels.

You collected 89 gold pieces.

Inventory:

Hand Weapons
 a - a +0 flail (weapon)
 h - a +0 whip
 i - a +0 short sword
 p - a +0 falchion
 q - a +0 short sword
Missiles
 g - 55 stones (quivered)
Armour
 b - a +0 robe
 c - a +0 shield (worn)
 k - a +0 robe (worn)
 o - a +0 leather armour
Scrolls
 m - a scroll of identify {unknown}
 r - a scroll of enchant weapon {unknown}
 s - a scroll of remove curse
 t - a scroll of blinking {unknown}
Potions
 d - a potion of might
 e - a potion of ambrosia {unknown}
 j - a potion of lignification {unknown}
 l - 2 potions of resistance {unknown}
 n - a potion of flight {unknown}
Comestibles
 f - 9 rations


   Skills:
 + Level 2.8 Fighting
 + Level 3.3 Maces & Flails
 + Level 3.2 Dodging
 + Level 0.2 Stealth
 + Level 2.7 Shields


You had 4 spell levels left.
You didn't know any spells.

Dungeon Overview and Level Annotations

Branches:
Dungeon (3/15)

Altars:
Ashenzari
Elyvilon
Makhleb
Sif Muna


Innate Abilities, Weirdness & Mutations

You are too large for most types of armour.
You have claws for hands.
Your metabolism is lightning-fast.
You like to eat raw meat.
Your natural rate of healing is unusually fast.
You are covered in fur. (AC +1)
You have very tough skin. (AC +2)


Message History

The kobold closely misses you.
You hit the kobold.
You kill the kobold!
You have reached level 5!
The centaur wields an uncursed shortbow.
The centaur shoots an arrow.
The arrow barely misses you.
The centaur shoots an arrow.
The arrow hits you.
* * * LOW HITPOINT WARNING * * *
The centaur shoots an arrow.
The arrow barely misses you.
The centaur shoots an arrow.
The arrow hits you!
* * * LOW HITPOINT WARNING * * *
The centaur shoots an arrow.
The arrow barely misses you.
The centaur shoots an arrow.
You block the arrow.
You see here 4 arrows.
The centaur shoots an arrow.
You block the arrow.
You see here an arrow.
The centaur shoots an arrow.
You block the arrow.
You see here an arrow.
The centaur shoots an arrow.
The arrow hits you!
You die...

#...............#.####
#..#.#..#............#
#..........†....#.##.#
#.#..#..#.......#.....
#.......#....†..####.#
####.############ #..
#.# ### #.#######
#.@(..((# ... #
#.##.##c# ..? .##
#.##.##.# .K #..
#....##(# .>...
#..####)# .#b##
###......c## ...
#..........# #.#
#.##.##.##.# #(#
#.##.##.##.# #.#


You could see a centaur.

Vanquished Creatures
  6 adders
  An ooze (D:1)
  3 worms (D:2)
  3 leopard geckos
  An orc (D:3)
  8 bats
  2 giant cockroaches
  8 hobgoblins
  2 quokkas
  5 ball pythons
  9 frilled lizards
  10 goblins
  6 kobolds
  6 rats
  3 plants (D:1)
73 creatures vanquished.

Notes
Turn   | Place    | Note
-------+----------+-------------------------------------------
     0 | D:1      | johnjohn the Troll Fighter began the quest for the Orb.
     0 | D:1      | Reached XP level 1. HP: 22/22 MP: 0/0
   183 | D:2      | Reached XP level 2. HP: 29/29 MP: 1/1
   414 | D:2      | Found a shattered altar of Ashenzari.
   414 | D:2      | Found a white marble altar of Elyvilon.
   415 | D:2      | Found a burning altar of Makhleb.
   442 | D:2      | Became a worshipper of Ashenzari the Shackled
   634 | D:2      | Reached XP level 3. HP: 36/36 MP: 2/2
  1196 | D:1      | Reached XP level 4. HP: 22/44 MP: 3/3
  2086 | D:3      | Found a deep blue altar of Sif Muna.
  2408 | D:3      | Noticed a centaur
  2434 | D:3      | Reached XP level 5. HP: 15/52 MP: 4/4
  2442 | D:3      | Shot with an arrow by a centaur

Skill      XL: |  1  2  3  4 |
---------------+-------------+-----
Maces & Flails | 2 3 |  3.3
Dodging        | 3 |  3.2
Fighting       | |  2.8
Stealth        | |  0.2
Shields        | |  2.7

Action                   |  1- 3 |  4- 6 || total
-------------------------+-------+-------++-------
Melee: Flail             |   187 |   202 ||   389
  Use: Scroll            |       |     4 ||     4
 Stab: Sleeping          |       |     1 ||     1
  Eat: Chunk             |    15 |     7 ||    22
Armor: Robe              |   132 |    66 ||   198
Dodge: Dodged            |    94 |    76 ||   170
Block: Shield            |   141 |    72 ||   213
